[Event "Hastings Masters"]
[Site "Hastings, England"]
[Date "2013.01.05"]
[Round "9"]
[White "Vocaturo, Daniele"]
[Black "Sulskis, Sarunas"]
[Result "1/2-1/2"]
[ECO "A20"]
[WhiteElo "2521"]
[BlackElo "2550"]
[PlyCount "67"]
[EventDate "2013.??.??"]
[TimeControl "6600+1855"]
[WhiteClock "0:18:14"]
[BlackClock "0:07:35"]

1. c4 e5 2. g3 Nf6 3. Bg2 c6 4. d4 exd4 5. Qxd4 d5 6. Nf3 Be7 7. O-O O-O 8.
cxd5 cxd5 9. Nc3 Nc6 10. Qa4 Qb6 11. Qb5 d4 12. Qxb6 axb6 13. Nb5 Rd8 14. Bf4
Nd5 15. Nc7 Nxf4 16. Nxa8 Nxe2+ 17. Kh1 Bc5 18. Nc7 Bf5 19. Nd2 d3 20. a3 h5
21. Rad1 h4 22. b4 Bd4 23. Nb5 Ne5 24. Nxd4 Rxd4 25. Bxb7 Nc4 26. Nxc4 Rxc4 27.
gxh4 Rc2 28. Bf3 Kf8 29. Kg2 Nf4+ 30. Kg3 Ne2+ 31. Kg2 Nf4+ 32. Kg3 Ne2+ 33.
Kg2 Nf4+ 34. Kg3 1/2-1/2

[Event "Hastings Masters"]
[Site "Hastings, England"]
[Date "2013.01.05"]
[Round "9"]
[White "Gao, Rui"]
[Black "Arkell, Keith C"]
[Result "1/2-1/2"]
[ECO "B17"]
[WhiteElo "2450"]
[BlackElo "2470"]
[PlyCount "20"]
[EventDate "2013.??.??"]
[TimeControl "6600+385"]
[WhiteClock "1:37:06"]
[BlackClock "1:36:14"]

1. e4 c6 2. d4 d5 3. Nc3 dxe4 4. Nxe4 Nd7 5. Nf3 Ngf6 6. Nxf6+ Nxf6 7. c3 Bg4
8. h3 Bxf3 9. Qxf3 g6 10. Bc4 Bg7 1/2-1/2

[Event "Hastings Masters"]
[Site "Hastings, England"]
[Date "2013.01.05"]
[Round "9"]
[White "Zhou, Yang-Fan"]
[Black "Sumets, Andrey"]
[Result "0-1"]
[ECO "B17"]
[WhiteElo "2419"]
[BlackElo "2638"]
[PlyCount "84"]
[EventDate "2013.??.??"]
[TimeControl "6600+1395"]
[WhiteClock "0:48:08"]
[BlackClock "0:53:01"]

1. e4 c6 2. d4 d5 3. Nc3 dxe4 4. Nxe4 Nd7 5. Nf3 Ngf6 6. Nxf6+ Nxf6 7. c3 g6 8.
h3 Bg7 9. Bd3 O-O 10. O-O Qc7 11. Re1 c5 12. dxc5 Qxc5 13. Be3 Qc7 14. Bd4 Rd8
15. Qb3 e6 16. Rad1 b6 17. Be5 Qe7 18. Bxf6 Bxf6 19. Be4 Bb7 20. Bxb7 Qxb7 21.
a4 a6 22. Nd2 Be7 23. Nc4 Bc5 24. Ne5 Qc7 25. Nd3 Be7 26. Nb4 a5 27. Nc2 Bc5
28. Ne3 Qf4 29. Qc2 h5 30. b3 Rac8 31. Rxd8+ Rxd8 32. Rd1 Rxd1+ 33. Nxd1 e5 34.
Nb2 h4 35. Nc4 b5 36. Nxa5 e4 37. Nb7 Ba7 38. b4 e3 39. Nc5 bxa4 40. Kf1 a3 41.
Nd3 Qc4 42. Ke2 exf2 0-1

[Event "Hastings Masters"]
[Site "Hastings, England"]
[Date "2013.01.05"]
[Round "9"]
[White "Burns-Mannion, Stephen R"]
[Black "Vovk, Andrey"]
[Result "0-1"]
[ECO "B69"]
[WhiteElo "2351"]
[BlackElo "2567"]
[PlyCount "98"]
[EventDate "2013.??.??"]
[TimeControl "6600+1335"]
[WhiteClock "0:34:56"]
[BlackClock "0:52:33"]

1. e4 c5 2. Nf3 d6 3. d4 cxd4 4. Nxd4 Nf6 5. Nc3 Nc6 6. Bg5 e6 7. Qd2 a6 8.
O-O-O Bd7 9. f4 Be7 10. Nf3 b5 11. Bxf6 gxf6 12. Bd3 Na5 13. f5 Qc7 14. Kb1
O-O-O 15. Nd4 Nc6 16. Nxc6 Qxc6 17. Rhe1 Qc5 18. a4 bxa4 19. Bxa6+ Kc7 20. Qd4
Rb8 21. Qxc5+ dxc5 22. Bc4 Rb4 23. b3 Rhb8 24. Ka2 Bd6 25. Rd3 Be5 26. Red1
axb3+ 27. cxb3 Bd4 28. R1d2 Kd6 29. fxe6 fxe6 30. Rh3 Rh8 31. Rdd3 Be8 32. Ne2
Ke5 33. Nxd4 cxd4 34. Rdg3 Bg6 35. Rh4 Rhb8 36. Ka3 R4b6 37. Rgg4 d3 38. Rg3
Bxe4 39. Rxe4+ Kxe4 40. Bxd3+ Kd4 41. Bxh7 f5 42. h4 Rc8 43. Kb2 Rbc6 44. Bg8
Rc2+ 45. Kb1 Rc1+ 46. Kb2 R8c2+ 47. Ka3 Ra1+ 48. Kb4 Rc6 49. Kb5 Raa6 0-1

[Event "Hastings Masters"]
[Site "Hastings, England"]
[Date "2013.01.05"]
[Round "9"]
[White "Gu, Xiaobing"]
[Black "Gretarsson, Hjorvar Steinn"]
[Result "1/2-1/2"]
[ECO "B48"]
[WhiteElo "2209"]
[BlackElo "2516"]
[PlyCount "71"]
[EventDate "2013.??.??"]
[TimeControl "6600+1015"]
[WhiteClock "0:15:41"]
[BlackClock "0:12:44"]

1. e4 c5 2. Nf3 e6 3. d4 cxd4 4. Nxd4 Nc6 5. Nc3 Qc7 6. Be3 a6 7. Qd2 Nf6 8.
O-O-O Be7 9. f3 h5 10. Nxc6 bxc6 11. Bf4 e5 12. Bg5 a5 13. Bc4 d6 14. Bb3 Be6
15. Bxf6 gxf6 16. f4 Qb6 17. Rhf1 Qb4 18. f5 Bxb3 19. cxb3 Kd7 20. Kb1 Rhg8 21.
Rf3 Rg4 22. Qf2 Bd8 23. Rfd3 Bc7 24. a3 Qb8 25. Ka2 Ke7 26. Qc2 Qb7 27. R1d2
Rd8 28. Qd1 Rdg8 29. Rh3 h4 30. Qe1 Rxg2 31. Rxg2 Rxg2 32. Rxh4 Qb6 33. Qf1 Qf2
34. Qxf2 Rxf2 35. b4 axb4 36. axb4 1/2-1/2

[Event "Hastings Masters"]
[Site "Hastings, England"]
[Date "2013.01.05"]
[Round "9"]
[White "Williams, Simon K"]
[Black "Ashton, Adam G"]
[Result "1/2-1/2"]
[ECO "D37"]
[WhiteElo "2515"]
[BlackElo "2366"]
[PlyCount "57"]
[EventDate "2013.??.??"]
[TimeControl "6600+1015"]
[WhiteClock "0:45:37"]
[BlackClock "0:10:47"]

1. d4 d5 2. c4 e6 3. Nc3 Nf6 4. Nf3 Nbd7 5. Bf4 dxc4 6. e3 a6 7. a4 Bd6 8. Bg5
h6 9. Bh4 b6 10. Bxc4 Bb7 11. e4 g5 12. Bg3 Nxe4 13. Nxe4 Bxe4 14. Qe2 Bb7 15.
O-O Qe7 16. Rad1 Nf6 17. Ne5 Nd5 18. f4 gxf4 19. Bxd5 Bxd5 20. Rxf4 Bxe5 21.
Qxe5 Rg8 22. Rdf1 Rg5 23. Qe2 f5 24. R1f2 a5 25. Bh4 O-O-O 26. Bxg5 Qxg5 27.
Qe5 Rg8 28. h4 Qd8 29. Kh2 1/2-1/2

[Event "Hastings Masters"]
[Site "Hastings, England"]
[Date "2013.01.05"]
[Round "9"]
[White "Kjartansson, Gudmundur"]
[Black "Flear, Glenn C"]
[Result "1/2-1/2"]
[ECO "A13"]
[WhiteElo "2404"]
[BlackElo "2481"]
[PlyCount "138"]
[EventDate "2013.??.??"]
[TimeControl "6600+800"]
[WhiteClock "0:18:38"]
[BlackClock "0:30:31"]

1. c4 e6 2. g3 d5 3. Nf3 c6 4. Bg2 Nd7 5. O-O Ngf6 6. b3 b6 7. Bb2 Bb7 8. Nc3
Be7 9. d3 O-O 10. e4 dxe4 11. dxe4 Qc7 12. Qe2 e5 13. Ng5 h6 14. Nh3 Rad8 15.
f4 exf4 16. gxf4 Nc5 17. e5 Nh7 18. Rad1 f5 19. b4 Ne6 20. a3 a5 21. b5 Bc5+
22. Kh1 cxb5 23. Nxb5 Bxg2+ 24. Qxg2 Qe7 25. Rd5 Qh4 26. Rfd1 Rde8 27. Rd7 Rd8
28. R7d5 Rde8 29. Bc1 g5 30. Rd7 Rd8 31. R7d5 Kh8 32. Qg3 Qh5 33. Nc3 Rde8 34.
Na4 gxf4 35. Nxf4 Nxf4 36. Bxf4 Rg8 37. Qd3 Ng5 38. Nxc5 bxc5 39. Bxg5 Qxg5 40.
Qf3 Qg4 41. Qxg4 Rxg4 42. Rxc5 a4 43. Rc1 Re4 44. Ra5 R4xe5 45. Rxe5 Rxe5 46.
c5 Kg7 47. c6 Re8 48. Kg2 Kf6 49. Kf3 Rc8 50. c7 Ke5 51. h4 Kd6 52. Kf4 Rxc7
53. Rxc7 Kxc7 54. Kxf5 Kd6 55. Kg6 Ke7 56. Kxh6 Kf6 57. Kh5 Kf5 58. Kh6 Kf6 59.
Kh7 Kf7 60. h5 Kf6 61. Kh6 Kf7 62. Kg5 Kg7 63. Kf5 Kh6 64. Ke5 Kxh5 65. Kd5 Kg6
66. Kc5 Kf7 67. Kb5 Ke8 68. Kxa4 Kd7 69. Kb5 Kc7 1/2-1/2

[Event "Hastings Masters"]
[Site "Hastings, England"]
[Date "2013.01.05"]
[Round "9"]
[White "Hamitevici, Vladimir"]
[Black "Sihite, Chelsie Monica"]
[Result "1/2-1/2"]
[ECO "A05"]
[WhiteElo "2440"]
[BlackElo "2277"]
[PlyCount "49"]
[EventDate "2013.??.??"]
[TimeControl "6600+760"]
[WhiteClock "0:49:49"]
[BlackClock "0:28:22"]

1. Nf3 Nf6 2. c4 e6 3. g3 d5 4. b3 d4 5. Bg2 Nc6 6. O-O e5 7. e3 Bg4 8. h3 Bxf3
9. Qxf3 Be7 10. e4 g5 11. d3 Rg8 12. Na3 Qd7 13. Qe2 g4 14. hxg4 Qxg4 15. Qxg4
Nxg4 16. Nc2 h5 17. Bh3 a5 18. Kg2 Nb4 19. Nxb4 axb4 20. Rh1 Ra6 21. Bxg4 hxg4
22. Rh5 f6 23. f4 gxf3+ 24. Kxf3 Kd7 25. g4 1/2-1/2

[Event "Hastings Masters"]
[Site "Hastings, England"]
[Date "2013.01.05"]
[Round "9"]
[White "Rendle, Thomas E"]
[Black "Kirk, Ezra"]
[Result "1/2-1/2"]
[ECO "B24"]
[WhiteElo "2381"]
[BlackElo "2254"]
[PlyCount "59"]
[EventDate "2013.??.??"]
[TimeControl "6600+635"]
[WhiteClock "0:38:22"]
[BlackClock "0:36:31"]

1. e4 c5 2. Nc3 Nc6 3. Bb5 g6 4. Bxc6 bxc6 5. f4 Bg7 6. Nf3 d6 7. O-O Nh6 8. d3
f5 9. Qe2 O-O 10. e5 Qc7 11. Re1 Nf7 12. Bd2 Nd8 13. Na4 Ne6 14. Qe3 Bd7 15.
Bc3 Rfe8 16. g3 c4 17. dxc4 c5 18. b3 Bc6 19. Nb2 Bb7 20. Nd3 Qc6 21. Rf1 Rad8
22. Rae1 d5 23. cxd5 Qxd5 24. Rd1 Qc6 25. Rd2 Bf8 26. Nb2 Rxd2 27. Qxd2 Rd8 28.
Qf2 g5 29. Qg2 gxf4 30. Nh4 1/2-1/2

[Event "Hastings Masters"]
[Site "Hastings, England"]
[Date "2013.01.05"]
[Round "9"]
[White "Prosviriakov, Vladimir"]
[Black "Flear, Christine"]
[Result "1-0"]
[ECO "D35"]
[WhiteElo "2293"]
[BlackElo "2156"]
[PlyCount "103"]
[EventDate "2013.??.??"]
[TimeControl "6600+1130"]
[WhiteClock "0:51:48"]
[BlackClock "0:03:15"]

1. d4 d5 2. c4 e6 3. Nc3 Nf6 4. cxd5 exd5 5. Bg5 Be7 6. e3 c6 7. Qc2 Nbd7 8.
Bd3 Nh5 9. Bxe7 Qxe7 10. Nge2 g6 11. O-O-O Nb6 12. Rhe1 O-O 13. h3 Ng7 14. g4
Qh4 15. Nf4 Ne6 16. Nxe6 Bxe6 17. f4 f5 18. g5 Rae8 19. Qg2 Bf7 20. b3 Re7 21.
Qf3 Rfe8 22. Re2 Nc8 23. Rde1 Nd6 24. Nd1 b6 25. Nc3 Kg7 26. Kb2 Rd8 27. Rc1
Be8 28. Nd1 Bd7 29. Nf2 Rde8 30. Rce1 Bc8 31. Qg2 Bb7 32. a4 a5 33. Qf3 Bc8 34.
Rh1 Kg8 35. Bc2 Kg7 36. Ree1 Kg8 37. Nd3 Ne4 38. Ne5 c5 39. Bxe4 dxe4 40. Qf1
cxd4 41. exd4 Rc7 42. Qb5 Qf2+ 43. Ka3 Rd8 44. Qxb6 Qxd4 45. Qxc7 Qb4+ 46. Kb2
Rd2+ 47. Kc1 Be6 48. Re3 Rd5 49. Rc3 e3 50. Qc6 Rxe5 51. fxe5 Bxb3 52. Qe8+ 1-0

[Event "Hastings Masters"]
[Site "Hastings, England"]
[Date "2013.01.05"]
[Round "9"]
[White "Ledger, Dave J"]
[Black "Anderson, John"]
[Result "0-1"]
[ECO "C18"]
[WhiteElo "2266"]
[BlackElo "2161"]
[PlyCount "86"]
[EventDate "2013.??.??"]
[TimeControl "6600+925"]
[WhiteClock "0:08:39"]
[BlackClock "0:07:52"]

1. e4 e6 2. d4 d5 3. Nc3 Bb4 4. e5 Ne7 5. a3 Bxc3+ 6. bxc3 c5 7. Qg4 Qc7 8.
Qxg7 Rg8 9. Qxh7 cxd4 10. Ne2 Nbc6 11. f4 dxc3 12. Qd3 d4 13. Rb1 b6 14. Nxd4
Nxd4 15. Qxd4 Bb7 16. Rg1 Rd8 17. Bb5+ Kf8 18. Qf2 Rd5 19. a4 Qd8 20. Qe2 Rd4
21. Kf2 Qd5 22. g3 Rh8 23. h4 Re4 24. Qd3 Rd4 25. Qe2 Re4 26. Qd3 Rd4 27. Qxc3
Kg7 28. Qb3 Qe4 29. Be2 Rc8 30. Be3 Rxc2 31. Qxc2 Qxc2 32. Bxd4 Nf5 33. Ba1
Qc5+ 34. Kf1 Ne3+ 35. Ke1 Nc2+ 36. Kf1 Qe3 37. f5 Ba6 38. f6+ Kh7 39. Rg2 Qf3+
40. Kg1 Bxe2 41. Kh2 Ne3 42. Rgg1 Qf2+ 43. Kh3 Bg4# 0-1

[Event "Hastings Masters"]
[Site "Hastings, England"]
[Date "2013.01.05"]
[Round "9"]
[White "Duff, Rufus"]
[Black "Melekhina, Alisa"]
[Result "1-0"]
[ECO "B33"]
[WhiteElo "2114"]
[BlackElo "2221"]
[PlyCount "103"]
[EventDate "2013.??.??"]
[TimeControl "6600+1370"]
[WhiteClock "0:25:30"]
[BlackClock "0:31:19"]

1. e4 c5 2. Nf3 Nc6 3. d4 cxd4 4. Nxd4 Nf6 5. Nc3 e5 6. Ndb5 d6 7. Bg5 a6 8.
Na3 b5 9. Bxf6 gxf6 10. Nd5 Bg7 11. c3 f5 12. Bd3 Ne7 13. Nxe7 Qxe7 14. O-O Qg5
15. exf5 Bb7 16. f3 O-O 17. Nc2 d5 18. f4 exf4 19. Qf3 Be5 20. Rae1 Rfe8 21. a3
Qf6 22. Qf2 Kh8 23. Nd4 Rg8 24. Kh1 Bc7 25. Re2 Rg3 26. Bc2 Rag8 27. Rfe1 Qh6
28. Re8 Re3 29. Rxg8+ Kxg8 30. f6 Bc8 31. Bf5 Bxf5 32. Nxf5 Qh5 33. Nxe3 fxe3
34. g3 Bb6 35. Rxe3 Bxe3 36. Qxe3 h6 37. Kg2 Qg6 38. Qe5 Kh7 39. h4 Qd3 40. h5
Qc2+ 41. Kh3 Qb1 42. Qxd5 Qf1+ 43. Kg4 Qe2+ 44. Qf3 Qc4+ 45. Kh3 Qe6+ 46. Kh4
Qe5 47. Qf4 Qe1 48. Qf5+ Kh8 49. Qd5 Qf1 50. Qc6 Kh7 51. Qe4+ Kh8 52. Qe8+ 1-0

[Event "Hastings International Chess Congress"]
[Site "Horntye Sports Complex"]
[Date "2013.01.05"]
[Round "9.2"]
[White "Atako, Chino C"]
[Black "Kwiatkowski, Feliks J"]
[Result "1-0"]
[ECO "B24"]
[WhiteElo "2117"]
[BlackElo "2232"]
[PlyCount "85"]
[EventDate "2013.??.??"]
[TimeControl "6600+795"]
[WhiteClock "0:46:35"]
[BlackClock "0:45:01"]

1. e4 c5 2. Nc3 Nc6 3. Nf3 Nf6 4. Bb5 g6 5. e5 Ng4 6. Qe2 Bg7 7. Bxc6 dxc6 8.
h3 Nh6 9. g4 O-O 10. d3 Qb6 11. Bd2 Qxb2 12. Rb1 Qxc2 13. O-O c4 14. Ne1 Bxg4
15. f3 cxd3 16. Qf2 Qxb1 17. Nxb1 Bxh3 18. Nxd3 Bxf1 19. Qxf1 Rfd8 20. Bc3 Nf5
21. Nf2 Rd5 22. e6 f6 23. Bd2 Nd4 24. Kg2 Nxe6 25. Qc4 Kf7 26. Be3 f5 27. Nc3
f4 28. Nxd5 cxd5 29. Qxd5 fxe3 30. Ne4 Rd8 31. Ng5+ Kf6 32. Nxh7+ Kf7 33. Ng5+
Kf6 34. Qxe6+ Kxg5 35. Qxe7+ Bf6 36. Qxe3+ Kh5 37. Qxa7 Rd7 38. Qe3 Re7 39. Qf4
Bg5 40. Qh2+ Bh4 41. Kh3 Rf7 42. Qe5+ Bg5 43. Qd5 1-0

[Event "Hastings International Chess Congress"]
[Site "Horntye Sports Complex"]
[Date "2013.01.05"]
[Round "9.3"]
[White "Spanton, Tim R"]
[Black "Talsma, Paul"]
[Result "1-0"]
[ECO "C70"]
[WhiteElo "2020"]
[BlackElo "2229"]
[PlyCount "79"]
[EventDate "2013.??.??"]
[TimeControl "6600+1220"]
[WhiteClock "0:45:50"]
[BlackClock "0:07:39"]

1. e4 e5 2. Nf3 Nc6 3. Bb5 a6 4. Ba4 f5 5. d4 exd4 6. e5 Bc5 7. O-O Nge7 8. c3
dxc3 9. Nxc3 O-O 10. Bg5 h6 11. Bb3+ Kh8 12. Bh4 Qe8 13. Nd5 Nxd5 14. Qxd5 Be7
15. Bxe7 Qxe7 16. Rac1 a5 17. Rc4 b5 18. Rf4 a4 19. Nh4 Qe6 20. Qc5 axb3 21.
Qxf8+ Kh7 22. Nxf5 Qg8 23. Qxg8+ Kxg8 24. axb3 Nxe5 25. Ne7+ Kh7 26. Rf8 Bb7
27. Rxa8 Bxa8 28. Rc1 Nc6 29. Nxc6 Bxc6 30. Rc5 Kg6 31. b4 Kf6 32. g3 Ke7 33.
f4 Kd8 34. Kf2 Kc8 35. Ke3 Kb7 36. Rf5 d6 37. Rf7 g6 38. Rh7 h5 39. Rg7 Be8 40.
Re7 1-0

[Event "Hastings International Chess Congress"]
[Site "Horntye Sports Complex"]
[Date "2013.01.05"]
[Round "9.4"]
[White "Jaunooby, Ali R"]
[Black "Pickersgill, Adrian O"]
[Result "1-0"]
[ECO "A41"]
[WhiteElo "2178"]
[BlackElo "2029"]
[PlyCount "65"]
[EventDate "2013.??.??"]
[TimeControl "6600+885"]
[WhiteClock "0:29:23"]
[BlackClock "0:06:01"]

1. d4 d6 2. e4 Nf6 3. f3 c6 4. c4 Nbd7 5. Nc3 e5 6. d5 Be7 7. Be3 O-O 8. Bd3 a5
9. Nge2 Nc5 10. Bc2 Qc7 11. Qd2 Rd8 12. g4 a4 13. Ng3 g6 14. h4 Nfd7 15. h5 Nb6
16. hxg6 fxg6 17. Bd3 Nxd3+ 18. Qxd3 Bf6 19. O-O-O Ra5 20. g5 Bh8 21. dxc6 bxc6
22. c5 Na8 23. Qc4+ Kg7 24. Rh6 d5 25. exd5 Qf7 26. Rdh1 Kg8 27. Rxh7 Bg7 28.
Qh4 Kf8 29. d6 Qg8 30. Nge4 a3 31. b3 Ra7 32. Nf6 Qe6 33. Rh8+ 1-0

[Event "Hastings International Chess Congress"]
[Site "Horntye Sports Complex"]
[Date "2013.01.05"]
[Round "9.5"]
[White "Willson, Ollie"]
[Black "Burnett, Jim"]
[Result "1/2-1/2"]
[ECO "D48"]
[WhiteElo "1650"]
[BlackElo "2172"]
[PlyCount "87"]
[EventDate "2013.??.??"]
[TimeControl "6600+980"]
[WhiteClock "0:41:37"]
[BlackClock "0:53:34"]

1. c4 e6 2. Nf3 d5 3. e3 Nf6 4. Nc3 c6 5. d4 Nbd7 6. Bd3 dxc4 7. Bxc4 b5 8. Bd3
a6 9. Bd2 c5 10. Qe2 Bb7 11. O-O Be7 12. Rfd1 O-O 13. Rac1 Qb6 14. Bc2 Rfe8 15.
dxc5 Bxc5 16. a3 Qd8 17. b4 Ba7 18. a4 bxa4 19. Bxa4 Qe7 20. Rb1 Red8 21. Bc2
e5 22. Ng5 e4 23. b5 Nc5 24. b6 Bb8 25. Qc4 Bxh2+ 26. Kxh2 Qe5+ 27. Kg1 Qxg5
28. Be1 Nd3 29. Ne2 Rac8 30. Qa2 Ng4 31. Bb3 Nge5 32. Ng3 h5 33. Qe2 g6 34. Kf1
h4 35. Nh1 Nf3 36. Bd2 h3 37. Ng3 hxg2+ 38. Kxg2 Nde5 39. Bb4 Nh4+ 40. Kf1 Nef3
41. Qa2 Ne5 42. Bd6 Nhf3 43. Bd5 Bxd5 44. Qxd5 1/2-1/2

[Event "Hastings International Chess Congress"]
[Site "Horntye Sports Complex"]
[Date "2013.01.05"]
[Round "9.6"]
[White "Byron, Alan M"]
[Black "Haria, Ravi"]
[Result "1-0"]
[ECO "B52"]
[WhiteElo "2167"]
[BlackElo "2032"]
[PlyCount "129"]
[EventDate "2013.??.??"]
[TimeControl "6600+1110"]
[WhiteClock "0:46:40"]
[BlackClock "0:04:22"]

1. e4 c5 2. Nf3 d6 3. Bb5+ Bd7 4. Bxd7+ Qxd7 5. O-O Nc6 6. Re1 Nf6 7. c4 e5 8.
d3 Be7 9. Nc3 O-O 10. a3 Ne8 11. Nd5 Nc7 12. Rb1 f5 13. b4 fxe4 14. dxe4 Nd4
15. Nxd4 cxd4 16. Rb3 Nxd5 17. cxd5 Rac8 18. b5 Bh4 19. Rf1 Qe7 20. Bd2 Bg5 21.
b6 a6 22. Rb1 Bxd2 23. Qxd2 Rc3 24. Rfc1 Rfc8 25. Rxc3 dxc3 26. Qe3 Qd7 27. Rc1
Qb5 28. Qh3 Qc5 29. Rc2 a5 30. Qe6+ Kh8 31. h3 Rg8 32. Qd7 Qd4 33. Kh2 Qxb6 34.
Rxc3 Qxf2 35. Qxd6 Qf4+ 36. Rg3 Qxe4 37. Rg4 Qf5 38. Qe7 b6 39. d6 Qf8 40. Qxe5
Qd8 41. Rc4 Qb8 42. Rc7 b5 43. Re7 b4 44. axb4 axb4 45. d7 Qd8 46. Qd6 b3 47.
Re3 b2 48. Rb3 Qf6 49. Qxf6 gxf6 50. Rxb2 Rd8 51. Rd2 Kg7 52. Kg3 Kf7 53. Kf4
Ke6 54. Kg4 Rxd7 55. Rxd7 Kxd7 56. Kh5 Ke6 57. Kh6 Kf5 58. Kxh7 Kg5 59. Kg7 f5
60. Kf7 Kh4 61. Kf6 f4 62. Kf5 Kg3 63. h4 f3 64. gxf3 Kxh4 65. f4 1-0

[Event "Hastings International Chess Congress"]
[Site "Horntye Sports Complex"]
[Date "2013.01.05"]
[Round "9.7"]
[White "Safarian, Alek"]
[Black "Armstrong, Malcolm J"]
[Result "0-1"]
[ECO "A51"]
[WhiteElo "2050"]
[BlackElo "2046"]
[PlyCount "110"]
[EventDate "2013.??.??"]
[TimeControl "6600+925"]
[WhiteClock "0:56:59"]
[BlackClock "0:35:48"]

1. d4 Nf6 2. c4 e5 3. d5 Bc5 4. Nf3 d6 5. e3 O-O 6. Be2 Bg4 7. O-O Nbd7 8. Nc3
a6 9. a3 Qe7 10. b4 Ba7 11. Bb2 Ne8 12. Rc1 f5 13. Qc2 f4 14. e4 Bh5 15. h3 g5
16. Nh2 Nef6 17. Ng4 Bxg4 18. hxg4 Qg7 19. Qd3 Ne8 20. g3 Rf6 21. Kg2 Nf8 22.
Nd1 h5 23. Rh1 fxg3 24. fxg3 h4 25. c5 Ng6 26. Ne3 hxg3 27. Kxg3 Nf4 28. Qd2
Rd8 29. Nf5 Qf8 30. Bc4 Ng7 31. Nh6+ Rxh6 32. Rxh6 Nf5+ 33. gxf5 Qxh6 34. Qh2
Qxh2+ 35. Kxh2 Kg7 36. Kg3 Rh8 37. Bf1 Kf6 38. cxd6 cxd6 39. Rc7 Rh1 40. Bxa6
Rh3+ 41. Kg4 Bf2 42. Rc3 Rxc3 43. Bxc3 bxa6 44. a4 Bb6 45. a5 Ba7 46. b5 axb5
47. Bb4 Nd3 48. Bxd6 Nf2+ 49. Kh5 Nxe4 50. Bc7 Nc5 51. Bd8+ Kxf5 52. Bxg5 b4
53. Bc1 Nd3 54. Bd2 b3 55. d6 Ke6 0-1

[Event "Hastings International Chess Congress"]
[Site "Horntye Sports Complex"]
[Date "2013.01.05"]
[Round "9.8"]
[White "Steil-Antoni, Fiona"]
[Black "Higgs, Joshua"]
[Result "1-0"]
[ECO "C26"]
[WhiteElo "2169"]
[BlackElo "1792"]
[PlyCount "129"]
[EventDate "2013.??.??"]
[TimeControl "6600+985"]
[WhiteClock "0:48:10"]
[BlackClock "1:30:35"]

1. e4 e5 2. Nc3 Nf6 3. g3 Nc6 4. Bg2 Be7 5. Nf3 O-O 6. O-O d6 7. h3 Be6 8. Kh2
h6 9. d4 exd4 10. Nxd4 Nxd4 11. Qxd4 c6 12. Be3 d5 13. exd5 Nxd5 14. Nxd5 Bxd5
15. Bxd5 Qxd5 16. Qxd5 cxd5 17. Rfd1 Rac8 18. c3 Bc5 19. Rxd5 Bxe3 20. fxe3
Rfe8 21. Re1 Rcd8 22. Rxd8 Rxd8 23. Re2 f6 24. Kg2 Kf7 25. Kf2 Ke6 26. h4 Rd1
27. e4 Ke5 28. Kf3 h5 29. a4 b6 30. Re3 Rd2 31. b4 g5 32. g4 hxg4+ 33. Kxg4
gxh4 34. Rf3 Re2 35. Kxh4 Rxe4+ 36. Kg3 f5 37. Rd3 Rg4+ 38. Kf3 Rg7 39. Re3+
Kf6 40. Ke2 f4 41. Rh3 Ke5 42. Rh8 Rg2+ 43. Kd3 Ra2 44. Rh5+ Ke6 45. Ke4 Rxa4
46. Kxf4 Ra3 47. Rh3 b5 48. Ke4 a5 49. Rh6+ Kd7 50. Kd4 axb4 51. cxb4 Rg3 52.
Kc5 Rg5+ 53. Kb6 Rf5 54. Rh7+ Kd6 55. Ra7 Kd5 56. Kxb5 Kd4+ 57. Ka4 Rf8 58. b5
Kc5 59. Ka5 Rc8 60. b6 Kc6 61. Ka6 Rh8 62. Rc7+ Kd6 63. Rc2 Rh4 64. b7 Ra4+ 65.
Kb5 1-0

[Event "Hastings International Chess Congress"]
[Site "Horntye Sports Complex"]
[Date "2013.01.05"]
[Round "9.9"]
[White "Mitchell, Robert"]
[Black "Rumsey, Victor B"]
[Result "1-0"]
[ECO "A46"]
[WhiteElo "1690"]
[BlackElo "2138"]
[PlyCount "119"]
[EventDate "2013.??.??"]
[TimeControl "6600+750"]
[WhiteClock "0:07:05"]
[BlackClock "0:05:39"]

1. d4 Nf6 2. Nf3 e6 3. g3 d5 4. Bg2 Be7 5. O-O O-O 6. c4 dxc4 7. Na3 c5 8. dxc5
Bxc5 9. Nxc4 Nc6 10. e3 Qxd1 11. Rxd1 Rd8 12. Rxd8+ Nxd8 13. Nfe5 Kf8 14. b3
Nd7 15. Bb2 f6 16. Nd3 Be7 17. Rd1 Rb8 18. Ba3 Bxa3 19. Nxa3 Ke7 20. Nb5 Nf7
21. Nxa7 Nd6 22. Nxc8+ Nxc8 23. Nb4 Nc5 24. f4 Na7 25. Kf2 Nb5 26. Kg1 h5 27.
h4 g5 28. f5 gxh4 29. gxh4 Rg8 30. fxe6 Kxe6 31. Kh2 Nc3 32. Rd4 f5 33. Bf3
N3e4 34. Nd3 Nxd3 35. Rxd3 Nf2 36. Bd5+ Ke5 37. Bxg8 Nxd3 38. Bc4 Nb4 39. a4
Ke4 40. Be6 Kxe3 41. Bxf5 Kf4 42. Bc8 b6 43. Kh3 Nd3 44. Be6 Nf2+ 45. Kg2 Nd3
46. Bc4 Nc5 47. Kh3 Kf3 48. Bd5+ Kf4 49. Bf7 Kf5 50. Kg3 Kf6 51. Bc4 Kf5 52.
Kf3 Ke5 53. Bf7 Kf6 54. Bg8 Ke5 55. Kg3 Nd3 56. Bh7 Nc5 57. Bc2 Na6 58. Bd1 Nb4
59. Bxh5 Nd5 60. Bf7 1-0

[Event "Hastings International Chess Congress"]
[Site "Horntye Sports Complex"]
[Date "2013.01.05"]
[Round "9.10"]
[White "Gregory, Stephen J"]
[Black "Taylor, Adam C"]
[Result "0-1"]
[ECO "B06"]
[WhiteElo "2086"]
[BlackElo "1946"]
[PlyCount "84"]
[EventDate "2013.??.??"]
[TimeControl "6600+1055"]
[WhiteClock "0:02:20"]
[BlackClock "0:14:26"]

1. e4 g6 2. d4 Bg7 3. g3 c5 4. d5 b5 5. Bg2 d6 6. Ne2 Nf6 7. Nd2 Bb7 8. h3 O-O
9. O-O Nbd7 10. g4 Qb6 11. Ng3 e6 12. g5 Ne8 13. a4 exd5 14. exd5 a6 15. a5 Qd8
16. Nf3 Nc7 17. Nh4 f5 18. f4 Bd4+ 19. Kh2 Re8 20. c3 Bg7 21. Bf3 c4 22. b3 Nc5
23. bxc4 bxc4 24. Ng2 Bxc3 25. Bd2 Bg7 26. Bb4 Nd3 27. Qd2 Nxd5 28. Bxd5+ Bxd5
29. Bc3 Qc7 30. Bxg7 Qxg7 31. Ne3 Bf7 32. Rab1 Qd4 33. Nexf5 gxf5 34. Nxf5 c3
35. Qg2 Qe4 36. Nh6+ Kf8 37. Qg4 Qe2+ 38. Kg3 Qxg4+ 39. Kxg4 c2 40. Rb7 Re7 41.
Rxe7 Kxe7 42. f5 c1=Q 0-1

[Event "Hastings International Chess Congress"]
[Site "Horntye Sports Complex"]
[Date "2013.01.05"]
[Round "9.11"]
[White "Stonehouse, Tom H"]
[Black "Ramstad, Havard"]
[Result "0-1"]
[ECO "B18"]
[WhiteElo "1922"]
[BlackElo "2071"]
[PlyCount "48"]
[EventDate "2013.??.??"]
[TimeControl "6600+920"]
[WhiteClock "0:44:24"]
[BlackClock "0:52:52"]

1. e4 c6 2. d4 d5 3. Nc3 dxe4 4. Nxe4 Bf5 5. Ng3 Bg6 6. Nf3 Nd7 7. Bd3 e6 8.
Bf4 Qa5+ 9. c3 Ngf6 10. Bxg6 hxg6 11. O-O Be7 12. Re1 Nh5 13. Nxh5 Qxh5 14. c4
O-O 15. d5 Bb4 16. dxe6 fxe6 17. Qxd7 Rxf4 18. Qxe6+ Kh8 19. Ne5 Rf6 20. Qd7
Bxe1 21. Rxe1 Raf8 22. f3 Qf5 23. Re4 Qxe4 24. Nxg6+ Qxg6 0-1